 Dungeon Crawl Stone Soup version 0.24.0-13-gcf9b3192b9 (webtiles) character file.

Game seed: 2371370168933393963, levelgen mode: deterministic

708 PentaManta the Sneak (level 8, -3/48 HPs)
             Began as a Kobold Assassin on Nov 9, 2019.
             Was a Follower of Uskayaw.
             Slain by Menkaure (11 damage)
             ... on level 5 of the Dungeon.
             The game lasted 00:17:28 (6309 turns).

PentaManta the Sneak (Kobold Assassin)              Turns: 6309, Time: 00:17:29

Health: -3/48      AC: 15    Str:  8    XL:     8   Next: 0%
Magic:  4/8        EV: 18    Int: 13    God:    Uskayaw [*.....]
Gold:   165        SH:  0    Dex: 18    Spells: 7/7 levels left

rFire    . . .     SeeInvis .   j - +2 dagger (protect)
rCold    . . .     Gourm    .   (shield restricted)
rNeg     . . .     Faith    .   o - +0 leather armour
rPois    .         Spirit   .   i - +2 helmet
rElec    .         Reflect  .   c - +0 cloak
rCorr    .         Harm     .   q - +0 pair of gloves
MR       .....                  (no boots)
Stlth    ++++......             (no amulet)
HPRegen  0.16/turn              (no ring)
MPRegen  0.11/turn              (no ring)

@: protection aura
A: small, carnivore
a: Stomp, Renounce Religion


You were on level 5 of the Dungeon.
You worshipped Uskayaw.
Uskayaw was noncommittal.
You were hungry.

You visited 1 branch of the dungeon, and saw 5 of its levels.

You collected 223 gold pieces.
You spent 58 gold pieces at shops.

Inventory:

Hand Weapons
 j - a +2 dagger of protection (weapon)
 n - a +0 short sword
 p - a +0 dagger of venom
Missiles
 d - 22 poisoned darts
 r - 2 curare-tipped darts (quivered)
Armour
 c - a +0 cloak (worn)
 e - a cursed +0 plate armour
 i - a +2 helmet (worn)
 o - a +0 leather armour (worn)
 q - a +0 pair of gloves (worn)
 v - a +2 helmet
Jewellery
 g - an uncursed ring of wizardry {unknown}
 h - an uncursed ring of flight {unknown}
 s - a +4 amulet of reflection {unknown}
Scrolls
 a - a scroll of identify
 b - a scroll of magic mapping
Potions
 k - 2 potions of agility
 l - a potion of brilliance
 u - a potion of lignification
Comestibles
 f - 8 rations


   Skills:
 - Level 4.0 Fighting
 + Level 6.7 Short Blades
 - Level 2.1 Throwing
 * Level 5.7 Dodging
 + Level 7.2 Stealth


You had 7 spell levels left.
You didn't know any spells.
Your spell library contained the following spells:

 Spells                   Type           Power        Failure   Level  Hunger
 Magic Dart               Conj           #...         41%         1    ##.....
 Searing Ray              Conj           #.....       56%         2    ###....
 Dazzling Spray           Conj/Hex       #.....       80%         3    ####...
 Force Lance              Conj/Tloc      #.......     99%         4    #####..
 Fulminant Prism          Conj/Hex       #.........   99%         4    #####..
 Iskenderun's Mystic Bla  Conj           #.......     99%         4    #####..


Dungeon Overview and Level Annotations

Branches:
Dungeon (5/15)
 Temple: D:4-7

Altars:
Ashenzari
Dithmenos
Elyvilon
Fedhas
Gozag
Uskayaw
Xom

Shops:
D:4 [

Annotations:
D:5 Menkaure


Innate Abilities, Weirdness & Mutations

You are small and have problems with some larger weapons.
You are carnivorous and can eat meat at any time.


Message History

Menkaure is heavily damaged.
Menkaure calls on the powers of darkness!
Your body is wracked with pain!
* * * LOW HITPOINT WARNING * * *
Aiming: Line Pass
Press: ? - help, Dir - move target cursor Menkaure appears confused.
You are feeling hungry.
You can no longer pass through a line of other dancers.
Menkaure barely misses you.
You hit Menkaure.
Menkaure is severely damaged.
You hit Menkaure.
Menkaure is almost destroyed.
Menkaure mumbles something.
Menkaure seems less confused.
Menkaure hits you but does no damage.
You hit Menkaure.
Menkaure is almost destroyed.
Menkaure hits you!
You die...

#.......#.....# ### ...
...)..†.#.....# ..
#.#####.#.....# #.#
..... .. #.÷######
#.##..... .. ##.##
###....(_.. . ##..# #+#
##......... .#
#...####.###......... #
#...##.#..........# #
#...##.#..@.......# #
#....#.#.M........#
#....#.#.....)....##
#....#.#..............
####...................
##.......!.#........
+.........#########
#.........# #.>.......#


You could see Menkaure.

Vanquished Creatures
  Duvessa (D:4)
  An ice beast (D:4)
  A necrophage (D:5)
  A scorpion (D:5)
  Dowan (D:4)
  2 orc priests
  2 centaur skeletons (D:4)
  An iguana (D:4)
  2 worker ants (D:5)
  A howler monkey skeleton (D:4)
  3 adders
  A shadow imp (D:5)
  3 worms
  A dart slug (D:1)
  8 leopard geckos
  4 orcs
  5 giant cockroaches
  10 goblins
  5 hobgoblins
  3 jackals (D:5)
  7 kobolds
  2 quokkas
  A ball python (D:3)
  8 bats
  4 frilled lizards
  A giant cockroach zombie (D:5)
  7 rats
86 creatures vanquished.

Notes
Turn   | Place    | Note
-------+----------+-------------------------------------------
     0 | D:1      | PentaManta the Kobold Assassin began the quest for the Orb.
     0 | D:1      | Reached XP level 1. HP: 12/12 MP: 1/1
    67 | D:1      | Reached XP level 2. HP: 2/17 MP: 2/2
   622 | D:1      | Reached XP level 3. HP: 18/22 MP: 3/3
   912 | D:1      | Found a hide-covered altar of Uskayaw.
   914 | D:1      | Found a shimmering altar of Xom.
   914 | D:1      | Found a shadowy altar of Dithmenos.
   916 | D:1      | Found a hide-covered altar of Uskayaw.
   916 | D:1      | Found an opulent altar of Gozag.
   916 | D:1      | Found a sacrificial altar of Ru.
  1498 | D:2      | Reached XP level 4. HP: 27/27 MP: 4/4
  1630 | D:2      | Found a blossoming altar of Fedhas.
  2659 | D:2      | Reached XP level 5. HP: 22/32 MP: 5/5
  2769 | D:3      | Reached skill level 6 in Stealth
  3538 | D:4      | Found a white marble altar of Elyvilon.
  3543 | D:4      | Noticed Menkaure
  3945 | D:4      | Found a hide-covered altar of Uskayaw.
  3952 | D:5      | Entered Level 5 of the Dungeon
  3954 | D:5      | Noticed Duvessa
  3959 | D:5      | Noticed Dowan
  3977 | D:4      | Reached XP level 6. HP: 23/37 MP: 6/6
  4005 | D:4      | Reached skill level 5 in Short Blades
  4295 | D:4      | Found an opulent altar of Gozag.
  4307 | D:4      | Found a shadowy altar of Dithmenos.
  4348 | D:4      | Found Imiedio's Armour Boutique.
  4397 | D:4      | Bought a +0 pair of gloves for 58 gold pieces
  4749 | D:4      | Became a worshipper of Uskayaw the Reveler
  4976 | D:4      | Found a white marble altar of Elyvilon.
  5084 | D:4      | Found a hide-covered altar of Uskayaw.
  5101 | D:4      | Killed Dowan
  5125 | D:4      | Reached * piety under Uskayaw
  5130 | D:4      | Killed Duvessa
  5130 | D:4      | Reached XP level 7. HP: 13/42 MP: 7/7
  5547 | D:4      | Found an opulent altar of Gozag.
  5563 | D:4      | Found a shadowy altar of Dithmenos.
  5600 | D:4      | Found Imiedio's Armour Boutique.
  5766 | D:5      | Reached ** piety under Uskayaw
  5777 | D:5      | Reached *** piety under Uskayaw
  5778 | D:5      | Reached skill level 5 in Dodging
  6025 | D:5      | HP: 2/42 [ice beast (10)]
  6085 | D:4      | Reached skill level 7 in Stealth
  6253 | D:5      | Reached XP level 8. HP: 42/48 MP: 8/8
  6270 | D:5      | Found a shattered altar of Ashenzari.
  6309 | D:5      | Slain by Menkaure

Levels and vault maps discovered:
D:1:      saegor_arrival_simple_e, layout_loops_ring, doesnt_xom_only_xom
D:2:      layout_basic, first_ration, fedhas_altar_4
D:3:      layout_loops_ring, grunt_ministairs_13
D:4:      layout_basic, lemuel_crystal_altar, eat_drink_and_be_merry_uskayaw,
          grunt_temple_overflow_open, serial_shops, nicolae_shop_waterfront,
          uniq_menkaure
D:5:      layout_basic, gammafunk_temple_overflow_elements, basic_altar,
          uniq_duvessa, uniq_crazy_yiuf_cottage

Skill      XL: |  1  2  3  4  5  6  7 |
---------------+----------------------+-----
Short Blades   | 3 4 5 6 |  6.7
Dodging        | 2 3 4 5 |  5.7
Fighting       | 3 4 |  4.0
Stealth        | 6 7 |  7.2
Throwing       | |  2.1

Action                   |  1- 3 |  4- 6 |  7- 9 || total
-------------------------+-------+-------+-------++-------
Melee: Dagger            |   100 |    29 |   157 ||   286
       Short sword       |    10 |   161 |       ||   171
Throw: Dart              |     7 |    12 |     3 ||    22
Invok: Line Pass         |       |       |     1 ||     1
  Use: Scroll            |       |    10 |     1 ||    11
       Potion            |       |     2 |     3 ||     5
 Stab: Sleeping          |    12 |    13 |     2 ||    27
       Distracted        |     1 |       |     1 ||     2
       Paralysed         |       |       |     1 ||     1
  Eat: Chunk             |     4 |     6 |     1 ||    11
       Ration            |       |     1 |     2 ||     3
Armor: Robe              |    22 |       |       ||    22
       Leather armour    |     1 |    45 |    23 ||    69
Dodge: Dodged            |    59 |   127 |    84 ||   270
